 Dungeon Crawl Stone Soup version 0.17-a0-1479-g4041c36 (webtiles) character file.

100 rnawigator the Charmwright (level 4, -4/31 HPs)
             Began as a High Elf Skald on July 3, 2015.
             Killed by divine providence
             ... invoked by an orc priest
              (12 damage)
             ... on level 3 of the Dungeon.
             The game lasted 00:09:30 (1907 turns).

rnawigator the Charmwright (High Elf Skald)         Turns: 1907, Time: 00:09:30

Health: -4/31      AC:  4    Str: 11    XL:     4   Next: 46%
Magic:  9/9        EV: 12    Int: 17    God:
Gold:   122        SH:  0    Dex: 14    Spells: 4 memorised, 1 level left

rFire  + . .     SeeInvis .     a - +1 falchion
rCold  x . .     Clarity  .     b - +0 leather armour
rNeg   . . .     SustAt   .     (no shield)
rPois  .         Gourm    .     (no helmet)
rElec  .         Spirit   .     (no cloak)
rCorr  .         Warding  .     (no gloves)
rMut   .         Stasis   .     r - +0 pair of boots
MR     .....                    (no amulet)
Stlth  +.........               o - ring of wizardry (curse)
                                j - ring of fire

@: not resistant to hostile enchantments, very unstealthy
A: no striking features
a: no special abilities


You were on level 3 of the Dungeon.
You were not hungry.

You visited 1 branch of the dungeon, and saw 3 of its levels.

You collected 122 gold pieces.

Inventory:

Hand weapons
 a - a +1 falchion (weapon)
Missiles
 g - 2 needles of sleeping
Armour
 b - a +0 leather armour (worn)
 r - a +0 pair of boots (worn)
Jewellery
 j - a ring of fire (left hand)
 o - a cursed ring of wizardry (right hand)
Scrolls
 e - 2 scrolls of teleportation
 q - 2 scrolls of remove curse
Potions
 m - 2 potions of flight
 n - a potion of cure mutation
Books
 c - a book of Battle

   Spells                             Type                      Level
   a - Infusion                       Charms                       1
   b - Shroud of Golubria             Charms/Translocation         2
   c - Song of Slaying                Charms                       2
   d - Spectral Weapon                Hexes/Charms                 3
   e - Regeneration                   Charms/Necromancy            3
Comestibles
 d - 4 bread rations
 p - a meat ration


   Skills:
 + Level 3.0 Fighting
 + Level 3.6 Long Blades
 - Level 0.8 Armour
 + Level 2.3 Dodging
 - Level 3.1 Spellcasting
 - Level 3.7 Charms


You had one spell level left.
You knew the following spells:

 Your Spells              Type           Power        Failure   Level  Hunger
a - Infusion              Chrm           ###...       2%          1    None
b - Song of Slaying       Chrm           ###.....     4%          2    ##.....
c - Shroud of Golubria    Chrm/Tloc      #.........   7%          2    ##.....
d - Regeneration          Chrm/Necr      #.........   14%         3    ###....


Dungeon Overview and Level Annotations

Branches:
Dungeon (3/15)

Altars:
Cheibriados
Kikubaaqudgha


Message History

An orc wizard comes into view. It is wielding a dagger.
The orc wizard casts a spell.
The orc wizard flickers and vanishes!
Deactivating autopickup; reactivate with Ctrl-A.
The orc priest looks braver.
You see here a spear.
You see here a halberd.
There is an open door, spattered with blood here.
You see here a spear.
Your magical infusion is running out.
There is an open door here.
There is a stone staircase leading down here.
You close the door.
You are no longer magically infusing your attacks.
An orc priest opens the door.
There is an open door here.
You see here a mace.
The orc priest invokes the aid of Beogh against you.
Something smites you!
You die...

#......# #.#.#
#......# #o#.#
#......# #.#.#
#......#####'#.#
#......#.......#######
########...[..).......
##### #.......#######
#...# #######.# #...#
#@# #...#
#######'###### #...##
#............# .....#
#.###........# .....#
#.# #........#
.....#####.#
##########
.....'.....####
.....##..........
......#.###...###


You could see an orc priest.

Vanquished Creatures
  4 gnolls (D:3)
  2 adders (D:2)
  An ooze (D:2)
  A worm (D:3)
  2 orcs (D:3)
  A bat (D:2)
  3 giant cockroaches
  6 hobgoblins
  A quokka (D:2)
  2 giant newts
  6 goblins
  6 kobolds
  3 rats (D:1)
38 creatures vanquished.

Notes
Turn   | Place    | Note
--------------------------------------------------------------
     0 | D:1      | rnawigator the High Elf Skald began the quest for the Orb.
     0 | D:1      | Reached XP level 1. HP: 14/14 MP: 4/4
   609 | D:2      | Reached XP level 2. HP: 19/19 MP: 6/6
   613 | D:2      | Learned a level 2 spell: Song of Slaying
   616 | D:2      | Learned a level 2 spell: Shroud of Golubria
  1101 | D:2      | Found an ancient bone altar of Kikubaaqudgha.
  1119 | D:2      | Reached XP level 3. HP: 25/25 MP: 4/8
  1189 | D:2      | Learned a level 3 spell: Regeneration
  1639 | D:3      | Reached XP level 4. HP: 30/30 MP: 4/9
  1851 | D:3      | Found a snail-covered altar of Cheibriados.
  1907 | D:3      | Killed from afar by an orc priest

Vault maps used:
D:1:      dpeg_arrival_renting, serial_bayou_lagoon_a
D:2:      kiku_gazebo_garden_becter, first_bread, grunt_ministairs_7
D:3:      minitemple, cheibriados_altar_1

Action                   |  1- 3 |  4- 6 || total
-------------------------+-------+-------++-------
Melee: Falchion          |    98 |    18 ||   116
 Cast: Infusion          |     5 |     1 ||     6
  Use: Scroll            |    11 |       ||    11
       Potion            |     1 |     3 ||     4
 Stab: Sleeping          |     1 |       ||     1
  Eat: Chunk             |     2 |     1 ||     3
